 Dungeon Crawl Stone Soup version 0.19-a0-958-gd69d43c (webtiles) character file.

3353 Leszczynek the Grappler (level 9, 0/69 HPs)
             Began as a Demonspawn Skald on July 11, 2016.
             Was an Elder of Okawaru.
             Succumbed to Maurice's poison
             ... on level 8 of the Dungeon.
             The game lasted 00:28:41 (9449 turns).

Leszczynek the Grappler (Demonspawn Skald)          Turns: 9449, Time: 00:28:42

Health: 0/69       AC:  9    Str: 14    XL:     9   Next: 73%
Magic:  12/12      EV: 12    Int: 15    God:    Okawaru [****..]
Gold:   13         SH:  0    Dex: 13    Spells: 4 memorised, 3 levels left

rFire  + . .     SeeInvis .     b - +4 war axe (freeze)
rCold  + . .     Gourm    .     i - +0 ring mail
rNeg   . . .     Faith    .     (no shield)
rPois  +         Spirit   .     (helmet restricted)
rElec  +         Dismiss  .     e - +0 cloak
rCorr  +         Reflect  .     (no gloves)
SustAt .         Harm     .     (no boots)
MR     +....                    D - amulet of rage
Stlth  ..........               x - ring of protection from magic
                                v - +3 ring of protection

@: lethally poisoned (0 -> -7), exhausted, resistant, slowed, very slow,
somewhat resistant to hostile enchantments, extremely unstealthy
A: antennae 2, claws 1, hooves 2, demonic guardian 2
a: Heroism, Renounce Religion, Evoke Berserk Rage


You were on level 8 of the Dungeon.
You worshipped Okawaru.
Okawaru was greatly pleased with you.
You were hungry.

You visited 1 branch of the dungeon, and saw 8 of its levels.

You collected 396 gold pieces.
You spent 383 gold pieces at shops.

Inventory:

Hand Weapons
 b - a +4 war axe of freezing (weapon)
Missiles
 o - 2 throwing nets
 w - 7 needles of confusion
 C - 3 tomahawks
 F - 8 silver javelins (quivered)
Armour
 e - a +0 cloak (worn)
 i - a +0 ring mail (worn)
 m - a +0 plate armour
Jewellery
 v - a +3 ring of protection (left claw)
 x - a ring of protection from magic (right claw)
 D - an amulet of rage (around neck)
Wands
 a - a wand of iceblast (6/15)
 f - a wand of paralysis (9/24)
 q - a wand of confusion (15/48)
Scrolls
 g - a scroll of blinking
 k - a scroll of enchant weapon
 n - 3 scrolls of fear
 p - 2 scrolls of teleportation
 y - 6 scrolls of remove curse
Potions
 h - 2 potions of cancellation
 l - 4 potions of magic
 s - 2 potions of invisibility
 z - a potion of flight
Comestibles
 d - 8 bread rations
 r - a meat ration
 t - 5 beef jerkies


   Skills:
 + Level 6.3 Fighting
   Level 2.2 Maces & Flails
 - Level 2.1 Armour
 + Level 3.7 Dodging
 * Level 8.8 Unarmed Combat
 - Level 2.0 Spellcasting
 + Level 3.8 Hexes
 - Level 4.1 Charms
 - Level 2.1 Translocations


You had 3 spell levels left.
You knew the following spells:

 Your Spells              Type           Power        Failure   Level  Hunger
a - Infusion              Chrm           ##..         10%         1    #......
b - Shroud of Golubria    Chrm/Tloc      ##........   21%         2    ###....
c - Spectral Weapon       Hex/Chrm       ##......     30%         3    ###....
d - Regeneration          Chrm/Necr      #.........   61%         3    ###....


Dungeon Overview and Level Annotations

Branches:
Dungeon (8/15)             Temple (0/1) D:5
   Lair: D:8-11

Altars:
Elyvilon
Makhleb
Okawaru
Sif Muna
Uskayaw
Xom
Yredelemnul

Shops:
D:5 }=}

Annotations:
D:8 Erica


Innate Abilities, Weirdness & Mutations

You have a pair of antennae on your head.
You have sharp fingernails.
You have hoof-like feet.
A demonic guardian rushes to your aid.


Message History

Okay, then.
Drop what? 26/52 slots (_ for help) (? for menu, Esc to quit)
Okay, then.
You butcher the jackal corpse.
* * * LOW HITPOINT WARNING * * *
You feel sick.
Things that are here:
a falchion; a robe; a chunk of flesh Unknown command.
* * * LOW HITPOINT WARNING * * *
You feel sick.
* * * LOW HITPOINT WARNING * * *
You feel sick.
* * * LOW HITPOINT WARNING * * *
You feel sick.
* * * LOW HITPOINT WARNING * * *
You feel sick.
* * * LOW HITPOINT WARNING * * *
You feel sick.
You die...

...{{...# #'# #.#
#)# #.# #.# #.#
#.# #@# #.# #.#
#.# #.# #.# #)#
#.#
#)################


There were no monsters in sight!

Vanquished Creatures
  Maurice (D:8)
  A sky beast (D:5)
  A black bear (D:7)
  An ice beast (D:7)
  3 slaves (D:6)
  2 necrophages (D:7)
  2 phantoms (D:5)
  4 ogres
  2 centaurs (D:7)
  5 giant frogs
  3 scorpions
  4 wights
  3 crimson imps
  A quasit (D:7)
  2 jellies
  2 orc priests
  A giant frog skeleton (D:5)
  2 worker ants (D:4)
  4 orc wizards
  A hound skeleton (D:7)
  5 adders
  A shadow imp (D:7)
  An ooze (D:4)
  5 worms
  A dart slug (D:3)
  4 giant geckos
  9 orcs
  7 giant cockroaches
  13 goblins
  14 hobgoblins
  5 jackals
  9 kobolds
  A quokka (D:5)
  A sheep (D:2)
  5 bats
  A giant gecko zombie (D:6)
  7 giant newts
  A jackal zombie (D:6)
  A quokka skeleton (D:4)
  A quokka zombie (D:6)
  6 rats
143 creatures vanquished.

Vanquished Creatures (collateral kills)
  Pikel (D:6)
  Prince Ribbit (D:8)
  Sigmund (D:6)
  Eustachio (D:6)
  A slave (D:6)
  An ogre (D:5)
  A giant frog (D:6)
  A wight (D:8)
  A crimson imp (D:5)
  An orc wizard (D:4)
  A worker ant zombie (D:5)
  4 orcs
  A giant newt (D:4)
16 creatures vanquished.

Grand Total: 159 creatures vanquished

Notes
Turn   | Place    | Note
-------+----------+-------------------------------------------
     0 | D:1      | Leszczynek the Demonspawn Skald began the quest for the Orb.
     0 | D:1      | Reached XP level 1. HP: 16/16 MP: 3/3
   202 | D:1      | Reached skill level 1 in Dodging
   321 | D:1      | Reached skill level 2 in Maces & Flails
   549 | D:1      | Gained mutation: You have large cloven feet. [demonic ancestry]
   549 | D:1      | Reached XP level 2. HP: 20/22 MP: 5/5
  1107 | D:1      | Learned a level 2 spell: Shroud of Golubria
  1348 | D:1      | Reached skill level 1 in Unarmed Combat
  1596 | D:2      | Gained mutation: You have a pair of small antennae on your head. [demonic ancestry]
  1596 | D:2      | Reached XP level 3. HP: 24/27 MP: 2/6
  1732 | D:2      | Found a basalt altar of Yredelemnul.
  1918 | D:2      | Found a shimmering altar of Xom.
  2064 | D:2      | Found a hide-covered altar of Uskayaw.
  2065 | D:2      | Found an iron altar of Okawaru.
  2141 | D:2      | Learned a level 3 spell: Spectral Weapon
  2318 | D:2      | Reached skill level 2 in Unarmed Combat
  2398 | D:2      | Gained mutation: A weak demonic guardian rushes to your aid. [demonic ancestry]
  2398 | D:2      | Reached XP level 4. HP: 33/33 MP: 7/7
  2596 | D:2      | Reached skill level 2 in Dodging
  2596 | D:2      | Reached skill level 1 in Translocations
  2856 | D:3      | Found a white marble altar of Elyvilon.
  2912 | D:2      | Became a worshipper of Warmaster Okawaru
  3000 | D:3      | Reached skill level 1 in Armour
  3755 | D:4      | Found a basalt altar of Yredelemnul.
  3814 | D:4      | Gained mutation: You have sharp fingernails. [demonic ancestry]
  3814 | D:4      | Reached XP level 5. HP: 32/38 MP: 8/8
  3821 | D:4      | claws, yessss
  4038 | D:4      | Reached skill level 3 in Unarmed Combat
  4341 | D:4      | Noticed an ogre
  4438 | D:4      | Killed an ogre
  4438 | D:4      | Reached skill level 2 in Armour
  4438 | D:4      | Reached skill level 2 in Translocations
  4438 | D:4      | Gained mutation: You have hoof-like feet. [demonic ancestry]
  4438 | D:4      | Reached XP level 6. HP: 37/44 MP: 2/9
  4771 | D:4      | Reached skill level 4 in Unarmed Combat
  4789 | D:4      | Reached * piety under Okawaru
  4789 | D:4      | Reached skill level 1 in Hexes
  5155 | D:5      | Entered Level 5 of the Dungeon
  5189 | D:5      | Noticed a sky beast
  5251 | D:5      | Killed a sky beast
  5309 | D:5      | Gained mutation: You have a pair of antennae on your head. [demonic ancestry]
  5309 | D:5      | Reached XP level 7. HP: 32/51 MP: 1/10
  5431 | D:5      | Reached skill level 3 in Fighting
  5431 | D:5      | Reached skill level 2 in Hexes
  5632 | D:5      | Reached skill level 5 in Unarmed Combat
  5645 | D:5      | Reached ** piety under Okawaru
  5797 | D:5      | Found Oruuc's Gadget Emporium.
  5797 | D:5      | Found Ytwena's Jewellery Boutique.
  5798 | D:5      | Found Xistrick's Gadget Emporium.
  5812 | D:5      | Bought a wand of paralysis (9/24) for 110 gold pieces
  5901 | D:5      | Found a staircase to the Ecumenical Temple.
  6142 | D:4      | Reached skill level 3 in Hexes
  6363 | D:6      | Noticed Eustachio
  6384 | D:6      | Killed Eustachio
  6384 | D:6      | Reached skill level 3 in Charms
  6384 | D:6      | Gained mutation: A demonic guardian rushes to your aid. [demonic ancestry]
  6384 | D:6      | Reached XP level 8. HP: 46/60 MP: 3/11
  6455 | D:6      | Noticed Sigmund
  6485 | D:5      | Reached skill level 6 in Unarmed Combat
  6659 | D:6      | Reached skill level 4 in Fighting
  6847 | D:6      | Killed Sigmund
  7212 | D:6      | Noticed Pikel
  7217 | D:6      | Reached *** piety under Okawaru
  7230 | D:6      | Killed Pikel
  7230 | D:6      | Reached skill level 7 in Unarmed Combat
  7230 | D:6      | Reached skill level 4 in Charms
  7437 | D:7      | Reached skill level 5 in Fighting
  7727 | D:7      | Reached XP level 9. HP: 68/68 MP: 4/12
  7768 | D:7      | Reached **** piety under Okawaru
  7956 | D:7      | Reached skill level 8 in Unarmed Combat
  8264 | D:7      | Reached skill level 3 in Dodging
  8424 | D:7      | Learned a level 3 spell: Regeneration
  8799 | D:5      | Bought a +3 ring of protection for 273 gold pieces
  9015 | D:7      | Found a burning altar of Makhleb.
  9260 | D:8      | Found a deep blue altar of Sif Muna.
  9260 | D:8      | Noticed Erica
  9301 | D:8      | Found an iron altar of Okawaru.
  9302 | D:8      | Noticed Prince Ribbit
  9307 | D:8      | Killed Prince Ribbit
  9307 | D:8      | Reached skill level 6 in Fighting
  9397 | D:8      | Noticed Maurice
  9431 | D:8      | Killed Maurice
  9445 | D:8      | HP: 5/69 [poisoned by Maurice]
  9447 | D:8      | HP: 2/69 [poisoned by Maurice]
  9449 | D:8      | Succumbed to Maurice's poison

Vault maps used:
D:1:      nagdon_arrival_zigzag_paths
D:2:      nicolae_overflow_hidden_temple, lemuel_round_altar, dk_xom_monty_hall
D:3:      first_bread, elyvilon_altar_3
D:4:      yredelemnul_altar_generic
D:5:      minmay_shop_grove, grunt_ministairs_2
D:6:      kennysheep_generic_room_8, uniq_sigmund, uniq_eustachio, uniq_pikel
D:7:      grunt_ogre_cave, makhleb_blood_cavern_becter
D:8:      hangedman_cross_veins, gammafunk_temple_overflow_elements,
          basic_altar, okawaru_metal_pillars_3, uniq_prince_ribbit1,
          uniq_maurice, uniq_erica

Skill      XL: |  1  2  3  4  5  6  7  8  9 |
---------------+----------------------------+-----
Dodging        | 1 2 3 |  3.7
Maces & Flails | 2 |  2.2
Unarmed Combat | 1 2 3 4 5 7 8 |  8.8
Translocations | 1 2 |  2.1
Armour         | 1 2 |  2.1
Hexes          | 1 3 |  3.8
Fighting       | 3 5 6 |  6.3
Charms         | 3 4 |  4.1
Spellcasting   | |  2.0

Action                   |  1- 3 |  4- 6 |  7- 9 || total
-------------------------+-------+-------+-------++-------
Melee: Mace              |   151 |   227 |    17 ||   395
       Kick              |    27 |    54 |    61 ||   142
       Punch             |       |     6 |     5 ||    11
       War axe           |       |       |   185 ||   185
       Whip              |       |       |    14 ||    14
 Cast: Infusion          |     3 |    13 |    14 ||    30
       Shroud of Golubri |     1 |    16 |    14 ||    31
Invok: Heroism           |       |       |     4 ||     4
  Use: Potion            |       |     3 |     3 ||     6
       Scroll            |       |       |    18 ||    18
 Stab: Sleeping          |     1 |       |       ||     1
  Eat: Chunk             |     5 |    11 |    10 ||    26
       Fruit             |       |       |     3 ||     3
       Beef jerky        |       |       |     2 ||     2
Armor: Leather armour    |    13 |       |       ||    13
       Ring mail         |    48 |    66 |    85 ||   199
Dodge: Dodged            |    99 |   146 |   141 ||   386
